 Dungeon Sprint DCSS version 0.21.0 (webtiles) character file.

247 wojtek the Basher (level 5, -1/52 HPs)
             Began as a Minotaur Berserker on Jan 7, 2018.
             Was a Believer of Trog.
             Slain by a slime creature (17 damage)
             ... in the Dungeon (Sprint I: "Red Sonja").
             The game lasted 00:00:33 (447 turns).

wojtek the Basher (Minotaur Berserker)               Turns: 447, Time: 00:00:34

Health: -1/52      AC:  7    Str: 23    XL:     5   Next: 85%
Magic:  4/4        EV: 12    Int:  4    God:    Trog [**....]
Gold:   162        SH:  0    Dex:  9    Spells: 4/4 levels left

rFire    . . .     SeeInvis .   a - +0 mace
rCold    . . .     Gourm    .   (no shield)
rNeg     . . .     Faith    .   l - +0 scale mail
rPois    .         Spirit   .   (helmet restricted)
rElec    .         Reflect  .   (no cloak)
rCorr    .         Harm     .   (no gloves)
MR       .....     NoTele   +   (no boots)
Stlth    ..........             (no amulet)
HPRegen  0.17/turn              (no ring)
MPRegen  0.09/turn              (no ring)

@: no status effects
A: retaliatory headbutt, horns 2
a: Berserk, Trog's Hand, Burn Spellbooks, Renounce Religion


You were in the Dungeon.
You worshipped Trog.
Trog was pleased with you.
You were not hungry.

You visited 1 branch You collected 162 gold pieces.

Inventory:

Hand Weapons
 a - a +0 mace (weapon)
Armour
 l - a +0 scale mail (worn)
Scrolls
 i - a scroll of blinking
Potions
 d - a potion of curing
 e - a potion of heal wounds
 f - a potion of haste
 g - 2 potions of magic
 h - a potion of berserk rage
 j - a potion of brilliance {unknown}
Comestibles
 c - a ration


   Skills:
 + Level 7.4 Fighting
 * Level 9.9 Maces & Flails
 + Level 6.9 Armour
 + Level 6.3 Dodging


You had 4 spell levels left.
You didn't know any spells.

Dungeon Overview and Level Annotations

Branches:
Dungeon (1/1)

Altars:
Makhleb
Xom
Jiyva
Lugonu


Innate Abilities, Weirdness & Mutations

You reflexively headbutt those who attack you in melee.
You have a pair of horns on your head.


Message History

You now have 108 gold pieces (gained 27).
You now have 135 gold pieces (gained 27).
You now have 162 gold pieces (gained 27).
You start resting.
HP restored.
As you open the door, it creaks loudly!
A slime creature comes into view.
The slime creature quivers.
Found four altars.
You barely miss the slime creature. The slime creature hits you!
You hit the slime creature but do no damage.
The slime creature hits you!!
You hit the slime creature.
The slime creature is lightly wounded.
The slime creature hits you!
* * * LOW HITPOINT WARNING * * *
You completely miss the slime creature.
The slime creature is lightly wounded.
The slime creature hits you!
You die...

################ ##
#<.#..').#.)'..#__#
#..).[#..'..#.@J..+
#..#####'#####+#__#
#..# #..# ## #..#
#### #..# #⌠⌠# ####


You could see a slime creature.

Vanquished Creatures
  Sigmund (D)
  An ogre (D)
  Ijyb (D)
3 creatures vanquished.

Vanquished Creatures (others)
  A gargoyle (D)
1 creature vanquished.

Grand Total: 4 creatures vanquished

Notes
Turn   | Place    | Note
-------+----------+-------------------------------------------
     0 | D        | wojtek the Minotaur Berserker began the quest for the Orb.
     0 | D        | Reached XP level 1. HP: 19/19 MP: 0/0
     1 | D        | Noticed Ijyb
     8 | D        | Killed Ijyb
     8 | D        | Reached skill level 5 in Maces & Flails
     8 | D        | Reached XP level 2. HP: 28/28 MP: 1/1
    59 | D        | Noticed an ogre
    64 | D        | Killed an ogre
    64 | D        | Reached skill level 7 in Maces & Flails
    64 | D        | Reached skill level 5 in Armour
    64 | D        | Reached XP level 3. HP: 8/37 MP: 2/2
    64 | D        | Reached XP level 4. HP: 10/44 MP: 3/3
   304 | D        | Noticed Sigmund
   312 | D        | Killed Sigmund
   312 | D        | Reached ** piety under Trog
   312 | D        | Reached skill level 9 in Maces & Flails
   312 | D        | Reached XP level 5. HP: 29/52 MP: 4/4
   410 | D        | Killed a gargoyle
   442 | D        | Found a burning altar of Makhleb.
   442 | D        | Found a viscous altar of Jiyva.
   442 | D        | Found a shimmering altar of Xom.
   442 | D        | Found a corrupted altar of Lugonu.
   442 | D        | Noticed a slime creature
   447 | D        | Slain by a slime creature

Skill      XL: |  1  2  3  4 |
---------------+-------------+-----
Fighting       | 4 6 7 |  7.4
Maces & Flails | 5 7 9 |  9.9
Armour         | 3 5 6 |  6.9
Dodging        | 3 4 6 |  6.3

Action                   |  1- 3 |  4- 6 || total
-------------------------+-------+-------++-------
Melee: Mace              |    11 |    10 ||    21
       Headbutt          |     3 |     2 ||     5
Invok: Berserk           |     1 |       ||     1
Armor: Scale mail        |       |     1 ||     1
Dodge: Dodged            |     2 |       ||     2
